 Dungeon Crawl Stone Soup version 0.27.1 (webtiles) character file.

Game seed: 3635537173167867621

3254 Ishikawa the Cleaver (level 9, 0/77 (79) HPs)
             Began as a Minotaur Fighter on Aug 20, 2021.
             Was an Initiate of the Shining One.
             Shot with an arrow by a centaur (5 damage)
             ... summoned by a shadow demon
             ... created by the darkness of Dithmenos
             ... on level 7 of the Dungeon.
             The game lasted 00:16:49 (4637 turns).

Ishikawa the Cleaver (Minotaur Fighter)             Turns: 4637, Time: 00:16:50

HP:   0/77 (79)     AC:  7    Str: 21    XL:     9   Next: 67%
MP:   3/3           EV: 10    Int:  9    God:    the Shining One [......]
Gold: 82            SH: 11    Dex: 11    Spells: 8/8 levels left

rFire    + + .     SeeInvis .   x - +5 long sword of Inicil {antimagic, rElec rF++ Int+4 Dex-2}
rCold    . . .     Faith    .   c - +1 kite shield
rNeg     . . .     Spirit   .   b - +0 scale mail
rPois    .         Reflect  .   (helmet restricted)
rElec    +         Harm     .   (no cloak)
rCorr    .         Rampage  .   (no gloves)
Will     .....                  (no boots)
Stlth    ..........             l - amulet of regeneration
HPRegen  1.22/turn              (no ring)
MPRegen  0.08/turn              (no ring)

@: glowing, lightly drained
A: horns 2, retaliatory headbutt
a: Renounce Religion


You were on level 7 of the Dungeon.
You worshipped the Shining One.
The Shining One was noncommittal.
You visited 1 branch of the dungeon, and saw 7 of its levels.

You collected 345 gold pieces.
You spent 263 gold pieces at shops.

Inventory:

Hand Weapons
 a - a +0 war axe
 x - the +5 long sword of Inicil (weapon) {antimagic, rElec rF++ Int+4 Dex-2}
   (You bought it in a shop on level 5 of the Dungeon)

   It reduces the magical energy of the wielder, and disrupts the spells and
   magical abilities of those it strikes.
   Natural abilities and divine invocations are not affected.
   Int:       It affects your intelligence (+4).
   Dex:       It affects your dexterity (-2).
   rF:        It greatly protects you from fire.
   rElec:     It insulates you from electricity.
 z - the +8 great mace of Huloz {vorpal, rF- Int+3 Dex+5}
   (You found it on level 7 of the Dungeon)

   It inflicts extra damage upon your enemies.
   Int:       It affects your intelligence (+3).
   Dex:       It affects your dexterity (+5).
   rF:        It makes you vulnerable to fire.
Armour
 b - a +0 scale mail (worn)
 c - a +1 kite shield (worn)
Jewellery
 f - an amulet of magic regeneration
 l - an amulet of regeneration (around neck)
Wands
 u - a wand of acid (5)
 B - a wand of paralysis (12)
Scrolls
 e - a scroll of immolation
 g - 2 scrolls of identify
 h - a scroll of brand weapon {unknown}
 i - a scroll of enchant armour
 j - a scroll of silence {unknown}
 k - 2 scrolls of noise {unknown}
 m - 2 scrolls of magic mapping {unknown}
 p - 2 scrolls of teleportation {unknown}
 s - a scroll of acquirement {unknown}
 t - a scroll of blinking {unknown}
 v - a scroll of enchant weapon {unknown}
 y - a scroll of amnesia {unknown}
Potions
 d - 2 potions of might
 n - a potion of attraction
 o - 3 potions of curing {unknown}
 q - 2 potions of lignification {unknown}
 r - a potion of magic {unknown}
 w - a potion of ambrosia {unknown}
 A - a potion of flight {unknown}
 C - a potion of degeneration {unknown}


   Skills:
 * Level 7.6 Fighting
 * Level 1.4 Long Blades
 - Level 9.7 Axes
 * Level 7.2 Armour
 * Level 5.0 Dodging
 * Level 6.9 Shields
 * Level 3.9 Invocations


You had 8 spell levels left.
You didn't know any spells.
Your spell library contained the following spells:

 Spells                   Type           Power      Damage    Failure   Level
 Dazzling Flash           Conj/Hex       0%         N/A       100%        3
 Iskenderun's Mystic Bla  Conj/Tloc      0%         2d3       100%        4
 Starburst                Conj/Fire      0%         6d3       100%        6


Dungeon Overview and Level Annotations

Branches:
Dungeon (7/15)             Temple (0/1) D:7

Altars:
Dithmenos
Fedhas
Kikubaaqudgha
Ru
The Shining One

Shops:
D:5 (   D:6 (


Innate Abilities, Weirdness & Mutations

You have a pair of horns on your head.
You reflexively headbutt those who attack you in melee.


Message History

The shadow hits you.
You hit something but do no damage.
The shadow strikes at you from the darkness!
Reactivating autopickup.
The shadow slips into darkness.
The shadow flickers and vanishes!
Deactivating autopickup; reactivate with Ctrl-A.
The shadow closely misses you. You furiously retaliate!
You headbutt the shadow, but do no damage.
You riposte.
You hit the shadow.
The shadow is lightly damaged.
You miss something.
The shadow strikes at you from the darkness!
Reactivating autopickup.
The shadow hits you. x2
* * * LOW HITPOINT WARNING * * *
You closely miss the shadow.
You headbutt the shadow, but do no damage.
The shadow is severely damaged.
The shadow closely misses you. You furiously retaliate!
You headbutt the shadow, but do no damage.
You riposte.
You hit the shadow but do no damage.
The shadow is lightly damaged.
The shadow hits you.
* * * LOW HITPOINT WARNING * * *
You block the shadow's attack. The shadow hits you!
* * * LOW HITPOINT WARNING * * *
The shadow demon gestures.
The orc shouts!
The orc wizard shouts!
Found a stone staircase leading up.
Found a stone staircase leading down.
The centaur shoots an arrow.
The arrow hits you!
* * * LOW HITPOINT WARNING * * *
Found a stone staircase leading down.
The centaur shoots an arrow.
The arrow hits you!
* * * LOW HITPOINT WARNING * * *
The centaur shoots an arrow.
You block the arrow.
The centaur shoots an arrow.
The arrow hits you.
You die...

## ###..........##
####.##....2.......##
#.#...###............
..>..................
#.....z..........#. .
##...cW2.........#.
...###.........#........
.>.......Wo...####....##
...#..@##......#.......
#.<..#.........#...#
#.###....##..####..# #.
#..####......(.. #
#..###........##
#...............
.............##
...............
#..........##..#


You could see 2 shadow demons, 2 shadows, a centaur (summoned), a wight
(summoned) and an orc (summoned).

Vanquished Creatures
  A two-headed ogre (D:6)
  The ghost of lasso the Conjurer, a novice GnCj of Gozag (D:6)
  Pikel (D:6)
  A water moccasin (D:7)
  An ice beast (D:7)
  A black bear (D:6)
  3 ogres
  A centaur (D:7)
  A lemure (D:6)
  A phantom (D:6)
  A bullfrog (D:6)
  A scorpion (D:4)
  A wyvern skeleton (D:6)
  2 howler monkeys
  2 bullfrog zombies
  2 gnoll shamans
  2 hounds
  A bullfrog skeleton (D:6)
  A centaur skeleton (D:6)
  7 iguanas
  2 orc wizards
  A hound skeleton (D:5)
  2 howler monkey skeletons
  6 adders
  7 gnolls
  A shadow imp (D:6)
  3 worms
  5 dart slugs
  8 orcs
  3 ball pythons
  5 endoplasms
  2 hobgoblins
  2 jackals (D:4)
  6 quokkas
  5 bats
  4 frilled lizards
  8 goblins
  2 kobolds (D:4)
  3 rats
107 creatures vanquished.

Notes
Turn   | Place    | Note
-------+----------+-------------------------------------------
     0 | D:1      | Ishikawa the Minotaur Fighter began the quest for the Orb.
     0 | D:1      | Reached XP level 1. HP: 19/19 MP: 0/0
   155 | D:1      | Reached XP level 2. HP: 27/27 MP: 1/1
   621 | D:2      | Reached skill level 3 in Axes
   738 | D:2      | Reached XP level 3. HP: 29/33 MP: 2/2
   979 | D:2      | Reached skill level 1 in Dodging
  1203 | D:2      | Found an ancient bone altar of Kikubaaqudgha.
  1273 | D:2      | Reached XP level 4. HP: 40/40 MP: 3/3
  1488 | D:3      | Found a sacrificial altar of Ru.
  1644 | D:3      | Found a faded altar of an unknown god.
  1657 | D:3      | Reached skill level 4 in Axes
  1744 | D:3      | Became a worshipper of Dithmenos the Shadowed
  1744 | D:3      | Reached * piety under Dithmenos
  2373 | D:4      | Reached XP level 5. HP: 34/47 MP: 4/4
  2440 | D:4      | Reached skill level 5 in Axes
  2522 | D:4      | Found a blossoming altar of Fedhas.
  3080 | D:5      | Entered Level 5 of the Dungeon
  3084 | D:5      | Reached XP level 6. HP: 53/53 MP: 5/5
  3124 | D:5      | Reached skill level 6 in Axes
  3146 | D:5      | Reached skill level 5 in Fighting
  3169 | D:5      | Reached ** piety under Dithmenos
  3174 | D:5      | Reached XP level 7. HP: 32/61 MP: 6/6
  3221 | D:5      | Found Qosicw's Antique Weapon Emporium.
  3444 | D:5      | Reached skill level 5 in Armour
  3641 | D:6      | Noticed a two-headed ogre
  3675 | D:6      | Reached skill level 7 in Axes
  3676 | D:6      | Noticed Pikel
  3769 | D:6      | Reached skill level 1 in Invocations
  3774 | D:6      | Reached skill level 5 in Shields
  3789 | D:6      | Reached XP level 8. HP: 70/70 MP: 8/8
  3873 | D:6      | Found a shadowy altar of Dithmenos.
  3889 | D:6      | Found a runed translucent door.
  3890 | D:6      | Noticed lasso's ghost (novice GnCj)
  3903 | D:6      | Reached skill level 8 in Axes
  3913 | D:6      | Killed lasso's ghost
  3972 | D:6      | Found Amod's Weapon Emporium.
  3998 | D:6      | Killed Pikel
  3999 | D:6      | Reached skill level 9 in Axes
  3999 | D:6      | Reached XP level 9. HP: 65/79 MP: 10/10
  4045 | D:6      | Killed a two-headed ogre
  4219 | D:5      | Bought a translucent long sword for 263 gold pieces
  4219 | D:5      | Identified the +5 long sword of Inicil {antimagic, rElec
                  | rF++ Int+4 Dex-2} (You bought it in a shop on level 5 of
                  | the Dungeon)
  4321 | D:7      | Found a glowing golden altar of the Shining One.
  4324 | D:7      | Fell from the grace of Dithmenos
  4324 | D:7      | Became a worshipper of the Shining One
  4397 | D:7      | Reached skill level 1 in Long Blades
  4397 | D:7      | Reached skill level 5 in Dodging
  4460 | D:7      | Identified the +8 great mace of Huloz {vorpal, rF- Int+3
                  | Dex+5}
  4552 | D:7      | Found a staircase to the Ecumenical Temple.
  4581 | D:7      | Noticed a shadow demon
  4581 | D:7      | Noticed a shadow demon
  4637 | D:7      | Shot with an arrow by a centaur

Illustrated notes

Levels and vault maps discovered:
D:1:      lightli_iron_boxes, layout_rooms
D:2:      layout_basic, basic_altar
D:3:      layout_loops_ring, nicolae_ru_sacrificial_ziggurat,
          shapermc_ecumenical_altar_mp_highgroup, st_stairs_7, kennysheep_boxes
D:4:      layout_loops_corners, lemuel_round_altar, minmay_misc_feat_tiny
D:5:      layout_rooms, serial_shops, shop, grunt_decor_resistance
D:6:      layout_rooms, grunt_dithmenos_smoke, serial_shops, shop_fountains,
          ebering_ghost_sewer_d, uniq_pikel
D:7:      layout_cave_pools, tso_oasis_becter, lemuel_zombie_altar_yredelemnul,
          minmay_temple_entry_ruins, uniq_crazy_yiuf_cottage

Skill      XL: |  1  2  3  4  5  6  7  8  9 |
---------------+----------------------------+-----
Fighting       | 4 5 7 |  7.6
Axes           | 3 4 5 6 7 9 |  9.7
Dodging        | 1 2 3 4 5 |  5.0
Shields        | 4 5 6 |  6.9
Armour         | 4 5 6 7 |  7.2
Invocations    | 1 3 |  3.9
Long Blades    | 1 |  1.4

Action                   |  1- 3 |  4- 6 |  7- 9 || total
-------------------------+-------+-------+-------++-------
Melee: War axe           |    85 |    88 |   113 ||   286
       Headbutt          |     9 |    16 |    25 ||    50
       Long sword        |       |       |    55 ||    55
  Use: Scroll            |       |       |     3 ||     3
Armor: Scale mail        |    45 |    36 |    42 ||   123
Dodge: Dodged            |    24 |    30 |    64 ||   118
Block: Kite shield       |    39 |    36 |    99 ||   174
       Rpst.: Long sword |       |       |    11 ||    11
